 Dungeon Crawl Stone Soup version 0.31-a0-640-g39d97e502b (webtiles) character file.

Game seed: 13360712123249232592

3129 thirtiethelement the Reanimator (level 9, -1/56 (59) HPs)
             Began as a Demonspawn Necromancer on Aug 27, 2023.
             Slain by a wight
             ... wielding a +0 halberd
              (7 damage)
             ... on level 6 of the Dungeon.
             The game lasted 00:20:12 (6450 turns).

thirtiethelement the Reanimator (DsNe)              Turns: 6450, Time: 00:20:13

HP:   -1/56 (59)    AC: 15    Str:  9    XL:     9   Next: 61%
MP:   11/29         EV: 13    Int: 20    God:
Gold: 111           SH:  9    Dex: 14    Spells: 10/23 levels left

rFire   . . .        a - +1 dagger (elec)
rCold   + . .        (no shield)
rNeg    . . .        g - +0 robe
rPois   .            (helmet restricted)
rElec   .            u - +0 cloak
rCorr   .            r - +0 pair of gloves
SInv    .            k - +0 pair of boots
Will    .....        t - amulet of reflection
Stlth   +++          q - ring of magical power
HPRegen 0.29/turn    z - ring of protection from cold
MPRegen 0.21/turn

%: reflection
@: about to teleport, animating dead, drained
A: horns 1, icy blue scales 1, demonic guardian 1, icemail 2, condensation
shield
a: no special abilities


You were on level 6 of the Dungeon.
You visited 1 branch of the dungeon, and saw 6 of its levels.

You collected 255 gold pieces.
You spent 144 gold pieces at shops.

Inventory:

Hand Weapons
 a - a +1 dagger of electrocution (weapon)
Missiles
 y - 6 javelins (quivered)
Armour
 g - a +0 robe (worn)
 k - a +0 pair of boots (worn)
 r - a +0 pair of gloves (worn)
 u - a +0 cloak (worn)
Magical Staves
 b - a staff of death
Jewellery
 q - a ring of magical power (left hand)
 t - an amulet of reflection (around neck)
 z - a ring of protection from cold (right hand)
 B - an amulet of magic regeneration
Wands
 w - a wand of charming (3)
 A - a wand of polymorph (9)
Scrolls
 f - a scroll of enchant armour {unknown}
 l - 2 scrolls of revelation
 m - a scroll of blinking
 p - a scroll of fear
 C - a scroll of identify
Potions
 c - a potion of magic
 d - 2 potions of mutation {unknown}
 e - 2 potions of heal wounds
 i - 4 potions of curing
 j - a potion of might {unknown}
 n - 2 potions of lignification
 o - a potion of cancellation {unknown}
 s - 2 potions of enlightenment {unknown}
 v - a potion of ambrosia {unknown}
 x - a potion of attraction {unknown}


   Skills:
 + Level 1.0 Fighting
 + Level 1.7 Short Blades
 + Level 3.8 Dodging
 + Level 4.2 Stealth
 + Level 1.9 Shields
 + Level 0.1 Unarmed Combat
 + Level 7.9 Spellcasting
 + Level 0.6 Conjurations
 + Level 9.7 Necromancy
 + Level 1.9 Ice Magic
 + Level 0.3 Evocations


You had 10 spell levels left.
You knew the following spells:

 Your Spells              Type           Power      Damage    Failure   Level
a - Necrotise             Necr           100%       1d9       1%          1
b - Vampiric Draining     Necr           47%        2d9       1%          3
c - Cigotuvi's Dreadful   Necr/Pois/Air  40%        N/A       3%          2
d - Animate Dead          Necr           47%        N/A       1%          4
e - Hailstorm             Conj/Ice       13%        3d5       16%         3

Your spell library contained the following spells:

 Spells                   Type           Power      Damage    Failure   Level
 Agony                    Necr           47%        N/A       4%          5
 Momentum Strike          Conj/Tloc      18%        3d8       12%         2
 Blink                    Tloc           14%        N/A       13%         2
 Lesser Beckoning         Tloc           14%        N/A       13%         2
 Ignite Poison            Fire/Tmut/Pois 7%         N/A       26%         3
 Portal Projectile        Hex/Tloc       14%        N/A       26%         3
 Tukima's Dance           Hex            7%         N/A       26%         3
 Summon Ice Beast         Ice/Summ       11%        N/A       50%         4
 Iskenderun's Mystic Bla  Conj/Tloc      9%         2d4       58%         4
 Simulacrum               Ice/Necr       15%        N/A       75%         6
 Freezing Cloud           Conj/Ice/Air   5%         6-21      86%         5


Dungeon Overview and Level Annotations

Branches:
Dungeon (6/15)
 Temple: D:4-7

Altars:
Trog
Yredelemnul

Shops:
D:2 [   D:4 !


Innate Abilities, Weirdness & Mutations

You have a pair of small horns on your head.
You are partially covered in icy blue scales. (AC +2)
A weak demonic guardian rushes to your aid.
A meltable icy envelope protects you from harm. (AC +8)
A meltable shield of frost defends you. (SH +4)


Message History

Your ice beast zombie hits the wight.
The wight misses you.
The wight hits you with a +3 short sword.
You block the wight's attack. The wight closely misses you.
Unknown command.
You hit the wight but do no damage. You punch the wight.
You destroy the wight!
You block the wight's attack. x2
The wight hits you with a +0 dire flail.
You feel drained.
You hit the wight but do no damage.
The wight is heavily damaged.
Your ice beast zombie hits the wight but does no damage.
You hit the wight but do no damage.
The wight is heavily damaged.
You block the wight's attack.
The wight hits you with a +0 dire flail.
The wight barely misses you.
Your ice beast zombie hits the wight.
You closely miss the wight.
You headbutt the wight, but do no damage.
The wight is almost destroyed.
The wight closely misses you.
The wight hits you but does no damage. x2
Your ice beast zombie completely misses the wight.
You hit the wight but do no damage.
You headbutt the wight, but do no damage.
The wight is almost destroyed.
The wight hits you from afar with a +0 halberd!
* * * LOW HITPOINT WARNING * * *
The wight hits you with a +3 short sword.
* * * LOW HITPOINT WARNING * * *
The wight misses you.
Your ice beast zombie hits the wight but does no damage.
The wight hits your ice beast zombie with a +3 short sword!
The wight hits your ice beast zombie with a +3 short sword!
Your ice beast zombie hits the wight but does no damage.
The wight barely misses your ice beast zombie.
Your ice beast zombie barely misses the wight.
As you read the scroll of teleportation, it crumbles to dust.
You feel strangely unstable.
The wight hits you from afar with a +0 halberd!
You die...

.......### #...
.........###....
..........#.....
................
.........)......
.....#...z......
.## ##.zZ.......
#.zP_......#
##.@P....####
###........#
#..........#
##..........#
#............#
#..........)..
##............
#............
#............


You could see 3 wights and a friendly ice beast zombie.

Vanquished Creatures
  A two-headed ogre (D:5)
  Grinder (D:4)
  A steam dragon (D:6)
  A water moccasin (D:5)
  3 black bears
  3 ice beasts
  2 sky beasts
  2 centaurs (D:5)
  2 ogres (D:4)
  2 phantoms
  A bullfrog (D:6)
  2 scorpions
  4 wights (D:6)
  2 jellies
  3 hounds
  Crazy Yiuf (D:3)
  3 sleepcaps
  An iguana (D:6)
  Natasha (thrice) (D:3)
  8 adders
  A white imp (D:6)
  A worm (D:2)
  8 dart slugs
  5 orcs
  8 endoplasms
  3 giant cockroaches (D:1)
  11 goblins
  8 hobgoblins
  2 jackals (D:2)
  8 quokkas
  5 ball pythons
  5 bats
  5 frilled lizards
  8 kobolds
  3 rats
127 creatures vanquished.

Vanquished Creatures (collateral kills)
  Robin (D:2)
  A giant cockroach (D:1)
2 creatures vanquished.

Vanquished Creatures (others)
  A hound zombie (D:6)
1 creature vanquished.

Grand Total: 130 creatures vanquished

Notes
Turn   | Place    | Note
-------+----------+-------------------------------------------
     0 | D:1      | thirtiethelement the Demonspawn Necromancer began the quest
                  | for the Orb.
     0 | D:1      | Reached XP level 1. HP: 13/13 MP: 3/3
     4 | D:1      | Noticed a five-headed hydra
   247 | D:1      | Gained mutation: You are partially covered in icy blue
                  | scales. (AC +2) [demonic ancestry]
   247 | D:1      | Reached XP level 2. HP: 19/19 MP: 0/5
   556 | D:1      | Reached skill level 5 in Necromancy
   742 | D:1      | Noticed an anaconda
   820 | D:1      | Gained mutation: A meltable shield of frost defends you.
                  | (SH +4) [demonic ancestry]
   820 | D:1      | Reached XP level 3. HP: 20/24 MP: 0/6
  1316 | D:2      | Noticed Robin
  1329 | D:2      | Killed Robin
  1348 | D:2      | Learned a level 3 spell: Vampiric Draining
  1351 | D:2      | Learned a level 2 spell: Cigotuvi's Dreadful Rot
  1740 | D:2      | Gained mutation: You have a pair of small horns on your
                  | head. [demonic ancestry]
  1740 | D:2      | Reached XP level 4. HP: 30/30 MP: 5/8
  1919 | D:2      | Found Peowk's Antique Armour Shoppe.
  2504 | D:3      | Noticed Natasha
  2510 | D:3      | Killed Natasha
  2511 | D:3      | Gained mutation: A weak demonic guardian rushes to your
                  | aid. [demonic ancestry]
  2511 | D:3      | Reached XP level 5. HP: 31/35 MP: 3/9
  2559 | D:3      | Noticed Natasha
  2564 | D:3      | Killed Natasha
  2595 | D:3      | Noticed a black bear
  2614 | D:3      | Killed a black bear
  2615 | D:3      | Reached skill level 1 in Short Blades
  2730 | D:3      | Found a runed translucent door.
  2731 | D:3      | Noticed Crazy Yiuf
  2826 | D:3      | Reached XP level 6. HP: 38/41 MP: 11/11
  2996 | D:3      | Noticed Natasha
  3003 | D:3      | Killed Natasha
  3084 | D:3      | Reached skill level 6 in Necromancy
  3163 | D:3      | Learned a level 4 spell: Animate Dead
  3240 | D:3      | Killed Crazy Yiuf
  3632 | D:4      | Noticed a sky beast
  3634 | D:4      | Gained mutation: A meltable icy envelope protects you from
                  | harm. (AC +8) [demonic ancestry]
  3634 | D:4      | Reached XP level 7. HP: 46/46 MP: 12/14
  3926 | D:4      | Noticed Grinder
  3928 | D:4      | Learned a level 3 spell: Hailstorm
  3945 | D:4      | Paralysed by Grinder for 5 turns
  3955 | D:4      | Paralysed by Grinder for 4 turns
  3961 | D:4      | Paralysed by Grinder for 4 turns
  3976 | D:4      | Paralysed by Grinder for 3 turns
  3984 | D:4      | Killed Grinder
  3985 | D:4      | Reached skill level 1 in Shields
  3985 | D:4      | Reached skill level 5 in Spellcasting
  3985 | D:4      | Reached skill level 7 in Necromancy
  4094 | D:4      | Found Neushru's Distillery.
  4371 | D:5      | Entered Level 5 of the Dungeon
  4443 | D:4      | Bought a potion of heal wounds for 60 gold pieces
  4443 | D:4      | Bought a potion of degeneration for 12 gold pieces
  4443 | D:4      | Bought a potion of curing for 36 gold pieces
  4443 | D:4      | Bought a potion of lignification for 36 gold pieces
  4445 | D:4      | Identified a scroll of acquirement
  4445 | D:4      | Acquired a staff of death
  4724 | D:5      | Reached XP level 8. HP: 53/53 MP: 14/16
  4937 | D:5      | Found a basalt altar of Yredelemnul.
  5087 | D:5      | Identified the +0 robe of Darkness {Harm Rampage Str+2}
  5224 | D:5      | Reached skill level 8 in Necromancy
  5346 | D:5      | Noticed a two-headed ogre
  5354 | D:5      | Killed a two-headed ogre
  5355 | D:5      | Reached skill level 1 in Fighting
  5355 | D:5      | Gained mutation: A meltable icy envelope protects you from
                  | harm. (AC +8) [demonic ancestry]
  5355 | D:5      | Reached XP level 9. HP: 47/59 MP: 14/19
  5575 | D:6      | Reached skill level 9 in Necromancy
  6013 | D:6      | Reached skill level 1 in Ice Magic
  6414 | D:6      | Found a bloodstained altar of Trog.
  6450 | D:6      | Slain by a wight

Illustrated notes

Levels and vault maps discovered:
D:1:      sevenhm_arrival_forest_fort_small_2, layout_basic
D:2:      layout_basic, serial_shops, shop, uniq_robin
D:3:      layout_loops_ring, mainiacjoe_overflow_tiny_flanked,
          grunt_decor_one_mirror, uniq_natasha, uniq_crazy_yiuf_cottage
D:4:      layout_basic, nicolae_take_the_stairs, uniq_grinder
D:5:      layout_loops_ring, nicolae_overflow_crystal_walls,
          chequers_serial_rivers_micro_b, grunt_decor_arrowhead
D:6:      layout_cave_pods, trog_ov_bears_minmay

Skill      XL: |  1  2  3  4  5  6  7  8  9 |
---------------+----------------------------+-----
Necromancy     | 5 6 7 8 9 |  9.7
Dodging        | 2 3 |  3.8
Spellcasting   | 3 4 5 6 7 |  7.9
Stealth        | 2 3 4 |  4.2
Short Blades   | 1 |  1.7
Shields        | 1 |  1.9
Fighting       | 1 |  1.0
Ice Magic      | 1 |  1.9
Unarmed Combat | |  0.1
Conjurations   | |  0.6
Evocations     | |  0.3

Action                     |  1- 3 |  4- 6 |  7- 9 || total
---------------------------+-------+-------+-------++-------
  Melee: Unarmed           |    11 |       |       ||    11
         Dagger            |    36 |    48 |    80 ||   164
         Punch             |     1 |       |     1 ||     2
         Headbutt          |       |    11 |    14 ||    25
         Staff             |       |       |     5 ||     5
   Cast: Necrotise         |    59 |    55 |    47 ||   161
         Vampiric Draining |       |    12 |    49 ||    61
         Hailstorm         |       |       |    14 ||    14
         Animate Dead      |       |       |     1 ||     1
  Evoke: Wand              |       |       |     2 ||     2
    Use: Scroll            |       |       |    11 ||    11
   Stab: Sleeping          |     5 |    10 |     7 ||    22
         Distracted        |       |     1 |       ||     1
 Armour: Robe              |    24 |    28 |    35 ||    87
  Dodge: Dodged            |    28 |    35 |    50 ||   113
  Block: Other             |     3 |    12 |    49 ||    64
         Reflection        |       |       |     1 ||     1

Table legend: (Time is in decaauts)
 A = Elapsed time spent in this place.
 B = Non-inter-level travel time spent in this place.
 C = Inter-level travel time spent in this place.
 D = Time resting spent in this place.
 E = Time spent auto-exploring this place.
 F = Levels seen in this place.
 G = Mean time per level.
                   A        B        C        D        E       F      G
               +--------+--------+--------+--------+--------+-----+--------+
         Total |   6443 |   6290 |    153 |      0 |   5311 |   6 | 1073.8 |
       Dungeon |   6443 |   6290 |    153 |      0 |   5311 |   6 | 1073.8 |
               +--------+--------+--------+--------+--------+-----+--------+

Top non-repeatable levels by time:
     D:1: 1269 daAuts
     D:5: 1079 daAuts
     D:4: 1074 daAuts
     D:3: 1062 daAuts
     D:2: 997 daAuts
     D:6: 960 daAuts
